AoeStats
← Ux'Combita

Yucatan

512828950Analyzed
4v4 RM · 8d ago on Oct 11, 2026· 10m 18s· 8 players
Game mode
Random Map
Map size
Large (8 player)
Population
200
Speed
Normal
Resources
Standard
Victory
Conquest
Starting age
Dark Age
Ending age
Imperial Age
RankedLock teamsTeams togetherTeam positionsShared explorationLock speedFull tech treeHidden civsTurbo modeCheats
Victory
Defeat
🇲🇽 Japanese · Mexico
1697
+14
🇲🇽 Danes · Mexico
1660
+16
🇲🇽 Hindustanis · Mexico
1595
+18
🇲🇽 Britons · Mexico
1593
+18
vs
🇨🇳 Danes · China
1784
-22
🇨🇳 Mongols · China
1684
-18
🇨🇳 Wu · China
1609
-15
🇨🇳 Cumans · China
1518
-11
Ux´Combito
8:17 Feudal Age
7:04 Loom
9:08 Double-Bit Axe
Tiburoncin UAA
5:32 Loom
8:23 Feudal Age
Ux'Combita
10:51 Feudal Age
Ux'Uzzi
6:33 Loom
8:52 Feudal Age
9:01 Man-at-Arms
9:42 Double-Bit Axe
啊这
6:15 Loom
8:25 Feudal Age
8:29 Man-at-Arms
飞翔爆炸者
SIL13
9:29 Feudal Age
A4paper
8:31 Feudal Age
9:48 Double-Bit Axe
10:30 Loom
Connection lost

Rejoining the realm…

Still unreachable

The connection could not be restored.

Session expired

The server has moved on; the page needs a fresh start.